 Dungeon Crawl Stone Soup version 0.18-a0-739-gdae9da8 (webtiles) character file.

149 xeno23 the Insei (level 5, -7/42 HPs)
             Began as a Human Monk on Dec 10, 2015.
             Shot with an arrow by a centaur (16 damage)
             ... on level 3 of the Dungeon.
             The game lasted 00:09:47 (2097 turns).

xeno23 the Insei (Human Monk)                       Turns: 2097, Time: 00:09:47

Health: -7/42      AC:  3    Str: 13    XL:     5   Next: 57%
Magic:  5/5        EV: 14    Int: 10    God:
Gold:   82         SH:  0    Dex: 15    Spells: 0 memorised, 4 levels left

rFire  . . .     SeeInvis +       - Unarmed
rCold  . . .     Clarity  .     a - +1 robe
rNeg   . . .     SustAt   .     (no shield)
rPois  +         Gourm    .     (no helmet)
rElec  .         Spirit   .     (no cloak)
rCorr  .         Dismiss  .     (no gloves)
rMut   .         Stasis   .     (no boots)
MR     .....                    (no amulet)
Stlth  ++........               n - ring of see invisible
                                g - ring of poison resistance

@: not resistant to hostile enchantments, unstealthy
A: no striking features
a: no special abilities


You were on level 3 of the Dungeon.
You were not hungry.

You visited 1 branch of the dungeon, and saw 3 of its levels.

You collected 82 gold pieces.

Inventory:

Missiles
 d - 4 javelins (quivered)
Armour
 a - a +1 robe (worn)
Jewellery
 g - a ring of poison resistance (left hand)
 n - a ring of see invisible (right hand)
Scrolls
 e - a scroll of amnesia
Potions
 f - 2 potions of curing
 j - a potion of heal wounds {unknown}
 m - 2 potions of cancellation
 p - a potion of might
Comestibles
 b - 2 bread rations
 c - a slice of pizza
 k - 2 meat rations
 l - a chunk of flesh
 o - a beef jerky


   Skills:
 + Level 3.7 Fighting
 + Level 4.0 Dodging
 - Level 2.0 Stealth
 * Level 5.3 Unarmed Combat


You had 4 spell levels left.
You didn't know any spells.

Dungeon Overview and Level Annotations

Branches:
Dungeon (3/15)

Altars:
Yredelemnul


Message History

You take 13 damage.
Read which item? (? for menu, Esc to quit)
As you read the scroll labeled WIMNABRIMAY, it crumbles to dust.
It is a scroll of enchant armour.
Enchant which item? (? for menu, Esc to quit)
Your +0 robe glows green for a moment.
The centaur shoots an arrow.
The arrow barely misses you.
The centaur shoots an arrow.
The arrow barely misses you.
You see here 2 arrows.
Drink which item? (? for menu, Esc to quit)
It was a potion of curing.
You feel better.
The centaur shoots an arrow.
The arrow barely misses you.
The centaur wields an uncursed shortbow.
The centaur shoots an arrow.
The arrow hits you!
* * * LOW HITPOINT WARNING * * *
Drink which item? (? for menu, Esc to quit)
It was a potion of cancellation.
You feel magically purged.
The centaur shoots an arrow.
The arrow barely misses you.
The centaur shoots an arrow.
The arrow hits you!
You die...

...####.##.#+##.#.#..#.##.#.#.#..
..................#..#.##.#.#.#..
...####.###...................#..
...# #.# #................####..
...# #.# #.....#..#+#..... ...
...####.###.....#(## .... ...#
..................# ... ..#
..........#......## ..
......^...#.....@# .
................(#
#######...#.....########
####...#...cc#......%
...............)......)
......[......#.#c.....)
...............########
...###..........# ...
#..........#


You could see 2 centaurs.

Vanquished Creatures
  Ijyb (D:2)
  Natasha (D:2)
  3 adders (D:2)
  3 worms (D:2)
  3 giant geckos
  An orc (D:3)
  A ball python (D:2)
  9 bats
  3 goblins (D:1)
  9 hobgoblins
  7 jackals (D:2)
  2 giant cockroaches (D:1)
  3 giant newts
  6 kobolds
  8 rats
60 creatures vanquished.

Notes
Turn   | Place    | Note
--------------------------------------------------------------
     0 | D:1      | xeno23 the Human Monk began the quest for the Orb.
     0 | D:1      | Reached XP level 1. HP: 18/18 MP: 1/1
    86 | D:1      | Reached XP level 2. HP: 12/24 MP: 2/2
    87 | D:1      | thx for might
   424 | D:1      | Reached XP level 3. HP: 9/29 MP: 3/3
   992 | D:2      | eat steel
  1147 | D:2      | Reached XP level 4. HP: 31/35 MP: 4/4
  1473 | D:2      | Noticed Natasha
  1481 | D:2      | Killed Natasha
  1493 | D:2      | Found a basalt altar of Yredelemnul.
  1545 | D:2      | Reached skill level 5 in Unarmed Combat
  1569 | D:2      | Noticed Ijyb
  1652 | D:2      | Reached XP level 5. HP: 31/41 MP: 5/5
  1693 | D:2      | Killed Ijyb
  2080 | D:3      | Noticed a centaur
  2084 | D:3      | Noticed a centaur
  2097 | D:3      | Shot with an arrow by a centaur

Vault maps used:
D:1:      dpeg_arrival_ternary
D:2:      lemuel_crystal_altar, uniq_iyjb, uniq_natasha
D:3:      gammafunk_temple_overflow_statue, minmay_divided_ellipse

Action                   |  1- 3 |  4- 6 || total
-------------------------+-------+-------++-------
Melee: Unarmed           |   118 |   125 ||   243
Throw: Javelin           |     1 |     3 ||     4
  Use: Scroll            |       |     3 ||     3
       Potion            |       |     2 ||     2
 Stab: Sleeping          |     3 |     3 ||     6
  Eat: Chunk             |     1 |     3 ||     4
